 Dungeon Crawl Stone Soup version 0.28.0-43-g3370ac3207 (webtiles) character file.

Game seed: 9190914566536777174

0 DearestLeader the Shield-Bearer (level 1, 0/13 HPs)
             Began as a Gnoll Wanderer on Feb 28, 2022.
             Slain by a goblin
             ... wielding a +0 club
              (2 damage)
             ... on level 1 of the Dungeon.
             The game lasted 00:00:39 (43 turns).

DearestLeader the Shield-Bearer (Gnoll Wanderer)      Turns: 43, Time: 00:00:40

Health: 0/13       AC:  3    Str:  8    XL:     1   Next: 10%
Magic:  4/4        EV: 13    Int: 11    God:
Gold:   0          SH:  7    Dex: 14    Spells: 5/5 levels left

rFire   . . .      SeeInvis .   a - +0 dagger
rCold   . . .      Faith    .   d - +2 buckler
rNeg    . . .      Spirit   .   c - +0 robe
rPois   .          Reflect  .   (no helmet)
rElec   .          Harm     .   (no cloak)
rCorr   .          Rampage  .   (no gloves)
Will    .....                   b - +0 pair of boots
Stlth   +.........              (no amulet)
HPRegen 0.04/turn               (no ring)
MPRegen 0.09/turn               (no ring)

@: no status effects
A: fangs 1, strong nose, distributed training
a: no special abilities


You were on level 1 of the Dungeon.
You visited 1 branch of the dungeon, and saw 1 of its levels.

Inventory:

Hand Weapons
 a - a +0 dagger (weapon)
Missiles
 e - 6 boomerangs (quivered)
Armour
 b - a +0 pair of boots (worn)
 c - a +0 robe (worn)
 d - a +2 buckler (worn)


   Skills:
 + Level 0.0 Fighting
 + Level 0.0 Short Blades
 + Level 0.0 Long Blades
 + Level 0.0 Axes
 + Level 0.0 Maces & Flails
 + Level 0.0 Polearms
 + Level 0.0 Staves
 + Level 0.0 Slings
 + Level 0.0 Bows
 + Level 0.0 Crossbows
 + Level 2.3 Throwing
 + Level 0.0 Armour
 + Level 4.4 Dodging
 + Level 0.0 Stealth
 + Level 6.4 Shields
 + Level 0.0 Unarmed Combat
 + Level 2.6 Spellcasting
 + Level 0.0 Conjurations
 + Level 0.0 Hexes
 + Level 0.0 Summonings
 + Level 0.0 Necromancy
 + Level 0.0 Translocations
 + Level 3.6 Transmutations
 + Level 0.0 Fire Magic
 + Level 0.0 Ice Magic
 + Level 0.0 Air Magic
 + Level 0.0 Earth Magic
 + Level 0.0 Poison Magic
 + Level 0.0 Invocations
 + Level 2.3 Evocations


You had 5 spell levels left.
You didn't know any spells.
Your spell library contained the following spells:

 Spells                   Type           Power      Damage    Failure   Level
 Wereblood                Tmut           9%         N/A       12%         2
 Passwall                 Tmut/Erth      4%         N/A       26%         2


Dungeon Overview and Level Annotations

Branches:
Dungeon (1/15)

Altars:


Innate Abilities, Weirdness & Mutations

You have very sharp teeth.
Your uncanny sense of smell can sniff out nearby items.
Your experience applies equally to all skills.


Message History

Found a stone staircase leading down.
The kobold throws a stone.
You block the stone.
Found 6 boomerangs.
The kobold throws a stone.
The stone barely misses you.
Unknown command.
There is a stone staircase leading down here.
The kobold throws a stone.
The stone hits you but does no damage.
The kobold throws a stone.
The stone hits you.
* * * LOW HITPOINT WARNING * * *
You see here 6 boomerangs.
e - 6 boomerangs The kobold throws a stone.
The stone closely misses you.
Throw: 6 boomerangs
Press: ? - help, Q - select action Shift-Dir - straight line, f - kobold
Aim: a kobold, wielding a +0 short sword and quivering stones (51% to hit)
You throw a boomerang. The boomerang barely misses the kobold.
Unknown command.
Throw: 6 boomerangs
Press: ? - help, Q - select action Shift-Dir - straight line, f/p - kobold
Aim: a kobold, wielding a +0 short sword and quivering stones (51% to hit)
You throw a boomerang.
The boomerang closely misses the kobold.
Throw: 6 boomerangs
Press: ? - help, Q - select action Shift-Dir - straight line, f/p - kobold
Aim: a kobold, wielding a +0 short sword and quivering stones (51% to hit)
You throw a boomerang.
The boomerang closely misses the kobold.
The boomerang hits the goblin.
The goblin is moderately wounded.
You hit the kobold.
You kill the kobold!
Throw: 6 boomerangs
Press: ? - help, Q - select action Shift-Dir - straight line, f - goblin
Aim: a goblin, wielding a +0 club (moderately wounded, 51% to hit)
You throw a boomerang.
The boomerang hits the goblin but does no damage.
The goblin is moderately wounded.
You hit the goblin. Your bite misses the goblin.
The goblin is severely wounded.
The goblin hits you with a +0 club.
You die...

#>§≈≈.<8..8..#.#
#≈≈≈§.......##g#
#≈§§...........#
####.8....####.#
#.....## #g# ..#..##
##K###### #..#..#
#.........
#..#..#####>#.##.###
#..@gg...#.#
##.##....#.. #.
#.######. #. #.. .
#. #### . #. #. ..


You could see 2 goblins.

Vanquished Creatures
  A kobold (D:1)
1 creature vanquished.

Notes
Turn   | Place    | Note
-------+----------+-------------------------------------------
     0 | D:1      | DearestLeader the Gnoll Wanderer began the quest for the
                  | Orb.
     0 | D:1      | DearestLeader set off with the following items: a +0
                  | dagger, a +0 pair of boots, a +0 robe, a +2 buckler; and
                  | the following spells available to memorise: Wereblood,
                  | Passwall
     0 | D:1      | Reached XP level 1. HP: 13/13 MP: 4/4
    43 | D:1      | Slain by a goblin

Illustrated notes

Levels and vault maps discovered:
D:1:      grunt_arrival_lava_bath, layout_loops_ring,
          shapermc_ecumenical_altar_hornbeckon

Action                   || total
-------------------------++-------
Melee: Dagger            ||    11
       Bite              ||     2
Throw: Boomerang         ||     4
Armor: Robe              ||     1
Dodge: Dodged            ||     8
Block: Buckler           ||     4
